 Dungeon Crawl Stone Soup version 0.30-a0-691-g754fce4c43 (webtiles) character file.

Game seed: 7547128824178373904

3 winterking the Trooper (level 1, -1/19 HPs)
             Began as a Draconian Fighter on Jan 19, 2023.
             Frozen to death by an endoplasm (2 damage)
             ... on level 1 of the Dungeon.
             The game lasted 00:01:11 (56 turns).

winterking the Trooper (Draconian Fighter)            Turns: 56, Time: 00:01:12

Health: -1/19      AC:  4    Str: 18    XL:     1   Next: 41%
Magic:  1/1        EV: 12    Int:  8    God:
Gold:   0          SH:  4    Dex: 10    Spells: 0/0 levels left

rFire   . . .      SeeInvis .    a - +0 long sword
rCold   . . .      Faith    .    b - +0 buckler
rNeg    . . .      Spirit   .    (body armour unavailable)
rPois   .          Reflect  .    (helmet restricted)
rElec   .          Harm     .    (no cloak)
rCorr   .          Rampage  .    (no gloves)
Will    .....                    (no boots)
Stlth   +                        (no amulet)
HPRegen 0.23/turn                (no ring)
MPRegen 0.07/turn                (no ring)

@: slowed, very slow
A: AC +4, unfitting armour, cold-blooded
a: no special abilities


You were on level 1 of the Dungeon.
You visited 1 branch of the dungeon, and saw 1 of its levels.

Inventory:

Hand Weapons
 a - a +0 long sword (weapon)
Armour
 b - a +0 buckler (worn)
Potions
 c - a potion of might


   Skills:
 + Level 3.3 Fighting
 + Level 2.0 Long Blades
 + Level 2.7 Dodging
 + Level 3.1 Shields


You couldn't memorise any spells.
You didn't know any spells.
Your spell library was empty.

Dungeon Overview and Level Annotations

Branches:
Dungeon (1/15)

Altars:


Innate Abilities, Weirdness & Mutations

Your plain brown scales are hard. (AC +4)
You cannot fit into any form of body armour.
You are cold-blooded and may be slowed by cold attacks.


Message History

The frilled lizard barely misses you. The endoplasm misses you.
You hit the frilled lizard but do no damage.
The frilled lizard barely misses you. The endoplasm barely misses you.
You hit the frilled lizard.
You kill the frilled lizard!
The endoplasm freezes you.
You are frozen.
The endoplasm freezes you.
You are frozen.
You feel yourself slow down.
The endoplasm hits you but does no damage.
You see here a frilled lizard corpse.
You hit the endoplasm.
You kill the endoplasm!
You feel yourself speed up.
An endoplasm comes into view.
The endoplasm quivers.
The endoplasm moves out of view.
The endoplasm freezes you.
You are frozen.
You feel yourself slow down.
You see here 7 gold pieces.
You feel yourself speed up. The endoplasm attacks as you move away!
The endoplasm barely misses you.
Found an escape hatch in the floor.
The endoplasm freezes you.
You are frozen.
You feel yourself slow down.
You feel yourself speed up. The endoplasm freezes you.
You are frozen.
You feel yourself slow down.
There is an escape hatch in the floor here.
You hit the endoplasm but do no damage. The endoplasm freezes you.
You are frozen.
The endoplasm freezes you.
You are frozen.
* * * LOW HITPOINT WARNING * * *
You barely miss the endoplasm. You tail-slap the endoplasm.
The endoplasm is heavily wounded.
The endoplasm freezes you.
You are frozen.
You die...

##≈P...♣≈## ##≈#.#≈## #
###.###.... . ###.##...#
# ..#........#
.##.#.#.####...#
.....#.####..##
..#######.###.##....# ##
#......@....#.......#...
#######J.#..#.##........
#.###.........#...
#..#.$..##†...#
#.......##.##.#
#.#.##..##.# .#
#.#.##...... .
.......##### # #..#.#..#


You could see an endoplasm.

Vanquished Creatures
  An endoplasm (D:1)
  2 bats (D:1)
  A frilled lizard (D:1)
4 creatures vanquished.

Vanquished Creatures (others)
  A plant (D:1)
1 creature vanquished.

Grand Total: 5 creatures vanquished

Notes
Turn   | Place    | Note
-------+----------+-------------------------------------------
     0 | D:1      | winterking the Draconian Fighter began the quest for the
                  | Orb.
     0 | D:1      | Reached XP level 1. HP: 19/19 MP: 1/1
    56 | D:1      | Frozen to death by an endoplasm

Illustrated notes

Levels and vault maps discovered:
D:1:      ldierk_walled_garden_2, layout_loops_cross

Action                   || total
-------------------------++-------
Melee: Long sword        ||    18
       Tailslap          ||     4
Armor: Skin              ||     6
Dodge: Dodged            ||    19
Block: Buckler           ||     2

Table legend: (Time is in decaauts)
 A = Elapsed time spent in this place.
 B = Non-inter-level travel time spent in this place.
 C = Inter-level travel time spent in this place.
 D = Time resting spent in this place.
 E = Time spent auto-exploring this place.
 F = Levels seen in this place.
 G = Mean time per level.
                   A        B        C        D        E       F      G
               +--------+--------+--------+--------+--------+-----+--------+
         Total |     67 |     48 |     19 |      0 |      0 |   1 |   67.0 |
       Dungeon |     67 |     48 |     19 |      0 |      0 |   1 |   67.0 |
               +--------+--------+--------+--------+--------+-----+--------+

Top non-repeatable levels by time:
     D:1: 67 daAuts
